 Dungeon Crawl Stone Soup version 0.30-a0-883-g5ad918d77d (webtiles) character file.

Game seed: 12092893723219898290

406 Axe the Ruffian (level 6, 0/51 HPs)
             Began as a Draconian Transmuter on Mar 16, 2023.
             Was an Initiate of Cheibriados.
             Slain by a killer bee (8 damage)
             ... on level 4 of the Dungeon.
             The game lasted 00:06:14 (2852 turns).

Axe the Ruffian (Draconian Transmuter)              Turns: 2852, Time: 00:06:14

Health: 0/51       AC:  7    Str: 15    XL:     6   Next: 56%
Magic:  9/10       EV: 12    Int: 14    God:    Cheibriados [......]
Gold:   177        SH:  0    Dex: 13    Spells: 3/11 levels left

rFire   . . .      SeeInvis .      - Unarmed
rCold   . . .      Faith    .    (no shield)
rNeg    . . .      Spirit   .    (body armour unavailable)
rPois   .          Reflect  .    (helmet restricted)
rElec   .          Rampage  .    (no cloak)
rCorr   .                        (no gloves)
Will    .....                    (no boots)
Stlth   +                        (no amulet)
HPRegen 0.28/turn                (no ring)
MPRegen 0.12/turn                (no ring)

@: mighty, lethally poisoned (0 -> -14), very slow
A: AC +6, unfitting armour, cold-blooded, shaggy fur 1, MP-powered wands
a: Renounce Religion


You were on level 4 of the Dungeon.
You worshipped Cheibriados.
Cheibriados was noncommittal.
You visited 1 branch of the dungeon, and saw 4 of its levels.

You collected 177 gold pieces.

Inventory:

Missiles
 f - 3 javelins
Armour
 h - a +0 pair of boots
Jewellery
 c - an amulet of faith
Wands
 n - a wand of flame (26)
Scrolls
 d - 2 scrolls of fear
 p - a scroll of immolation
Potions
 a - 2 potions of lignification
 b - a potion of ambrosia {unknown}
 e - a potion of resistance {unknown}
 g - a potion of haste {unknown}
 j - a potion of heal wounds
 k - 4 potions of curing


   Skills:
 + Level 3.1 Fighting
 + Level 3.0 Dodging
 * Level 5.0 Unarmed Combat
 + Level 3.0 Spellcasting
 + Level 3.3 Transmutations


You had 3 spell levels left.
You knew the following spells:

 Your Spells              Type           Power      Damage    Failure   Level
a - Beastly Appendage     Tmut           22%        N/A       5%          1
b - Spider Form           Tmut/Pois      6%         N/A       32%         3
c - Ice Form              Ice/Tmut       6%         N/A       71%         4

Your spell library contained the following spells:

 Spells                   Type           Power      Damage    Failure   Level
 Wereblood                Tmut           11%        N/A       9%          2
 Sublimation of Blood     Necr           2%         N/A       32%         2
 Portal Projectile        Hex/Tloc       4%         N/A       54%         3
 Tukima's Dance           Hex            2%         N/A       54%         3
 Blade Hands              Tmut           5%         N/A       83%         5
 Summon Hydra             Summ           1%         N/A       100%        7


Dungeon Overview and Level Annotations

Branches:
Dungeon (4/15)
 Temple: D:4-7

Altars:
Cheibriados
The Shining One

Shops:
D:2 (

Annotations:
D:3 1 runed translucent door, Norrock's ghost, amateur BaSu


Innate Abilities, Weirdness & Mutations

Your plain brown scales are hard. (AC +6)
You cannot fit into any form of body armour.
You are cold-blooded and may be slowed by cold attacks.
You are covered in fur. (AC +1)
You expend magic power (3 MP) to strengthen your wands.


Message History

The killer bee closely misses you. The killer bee barely misses you.
Your Dodging skill increases to level 3!
Your Unarmed Combat skill increases to level 5!
You punch the killer bee!
The killer bee is severely wounded.
You feel sick. The killer bee misses you. The killer bee closely misses you.
You miss the killer bee.
The killer bee is severely wounded.
You feel sick. The killer bee barely misses you.
The killer bee stings you but does no damage.
You miss the killer bee.
The killer bee is severely wounded.
The killer bee closely misses you. The killer bee misses you.
You barely miss the killer bee.
The killer bee is severely wounded.
You feel sick.
The killer bee stings you but does no damage.
The killer bee closely misses you.
You closely miss the killer bee. Your punch misses the killer bee.
The killer bee is severely wounded.
You feel sick.
The killer bee stings you but does no damage.
The killer bee closely misses you. The killer bee stings you.
You are more poisoned.
The killer bee poisons you! The killer bee closely misses you.
You hit the killer bee.
The killer bee is almost dead.
You feel sick. The killer bee stings you.
* * * LOW HITPOINT WARNING * * *
The killer bee misses you. The killer bee stings you.
* * * LOW HITPOINT WARNING * * *
The killer bee barely misses you.
You feel better. The killer bee stings you!
* * * LOW HITPOINT WARNING * * *
You are poisoned.
The killer bee poisons you! The killer bee stings you.
* * * LOW HITPOINT WARNING * * *
You are lethally poisoned!
The killer bee poisons you! The killer bee stings you!
You die...

*,,**,,,**,,,,,#...##...#......#,
*,,**,,,*,,,,,,#........#......#,
,,,,,,,,#......#[.......#......#,
,,,,,,,,+....y.#........#......#,
,,,,,,,,#......#........#......#,
*,,,,,,,#..O.yy#...##...#......#,
*,,,,,,,*#.....#...##...#......#,
,,,,,,,,,+...?.#........#......#,
,,,,,,,,,#..y..#@.......'......#,
,,,,,,,,,#.....yy.......#......#,
********+#.....##########......##
,,,,,,,,.......,,,,,,............
,,,,,,,,.......,,,,,,............
,,,,,,,,.......,,,,,,............
,,,,,,,,.......,,,,,,............
,,,,,,,,.......,,,,..............
******+*##.....**+*#.............


You could see 2 killer bees.

Vanquished Creatures
  An ogre (D:4)
  3 killer bees (D:4)
  A hound (D:4)
  An iguana (D:4)
  A gnoll (D:1)
  3 adders
  4 worms
  2 orcs (D:3)
  10 ball pythons
  5 bats
  6 endoplasms
  3 giant cockroaches
  7 goblins
  6 hobgoblins
  11 jackals
  5 kobolds
  5 quokkas
  A frilled lizard (D:1)
  3 rats
78 creatures vanquished.

Notes
Turn   | Place    | Note
-------+----------+-------------------------------------------
     0 | D:1      | Axe the Draconian Transmuter began the quest for the Orb.
     0 | D:1      | Reached XP level 1. HP: 16/16 MP: 3/3
   186 | D:1      | Reached XP level 2. HP: 23/23 MP: 3/5
   559 | D:1      | Reached XP level 3. HP: 27/28 MP: 4/6
  1155 | D:2      | Reached XP level 4. HP: 31/36 MP: 5/7
  1446 | D:2      | Found Laipt's Weapon Boutique.
  1549 | D:2      | Found a faded altar of an unknown god.
  2000 | D:3      | Learned a level 3 spell: Spider Form
  2072 | D:3      | Reached skill level 4 in Unarmed Combat
  2187 | D:3      | Found a runed translucent door.
  2192 | D:3      | Noticed Norrock's ghost (amateur BaSu)
  2276 | D:3      | Found a glowing golden altar of the Shining One.
  2370 | D:3      | Found a snail-covered altar of Cheibriados.
  2385 | D:3      | Became a worshipper of Cheibriados the Contemplative
  2681 | D:4      | Reached XP level 5. HP: 39/42 MP: 6/8
  2705 | D:4      | Learned a level 4 spell: Ice Form
  2812 | D:4      | Noticed an ogre
  2835 | D:4      | Gained mutation: You expend magic power (3 MP) to
                  | strengthen your wands. [potion of mutation]
  2835 | D:4      | Gained mutation: You are covered in fur. (AC +1) [potion of
                  | mutation]
  2838 | D:4      | Killed an ogre
  2839 | D:4      | Reached XP level 6. HP: 17/50 MP: 8/10
  2846 | D:4      | Reached skill level 5 in Unarmed Combat
  2852 | D:4      | Slain by a killer bee

Illustrated notes

Levels and vault maps discovered:
D:1:      dpeg_arrival_short_road, layout_loops_corners
D:2:      layout_loops_corners, ebering_ecumenical_altar_sacrificial,
          serial_shops, nicolae_shop_hallway_plus
D:3:      layout_rooms, slow_altar_2, tso_oasis_becter,
          ebering_ghost_inner_flame
D:4:      layout_gridville

Skill      XL: |  1  2  3  4  5  6 |
---------------+-------------------+-----
Dodging        | 2 3 |  3.0
Fighting       | 2 3 |  3.1
Unarmed Combat | 4 5 |  5.0
Transmutations | 3 |  3.3
Spellcasting   | 3 |  3.0

Action                     |  1- 3 |  4- 6 || total
---------------------------+-------+-------++-------
  Melee: Unarmed           |    94 |   125 ||   219
         Tailslap          |     9 |    15 ||    24
         Kick              |    17 |    24 ||    41
         Headbutt          |    11 |    21 ||    32
         Punch             |     1 |     1 ||     2
   Cast: Beastly Appendage |    21 |    29 ||    50
    Use: Scroll            |       |     7 ||     7
         Potion            |       |     6 ||     6
 Armour: Skin              |    36 |    35 ||    71
  Dodge: Dodged            |    55 |    80 ||   135

Table legend: (Time is in decaauts)
 A = Elapsed time spent in this place.
 B = Non-inter-level travel time spent in this place.
 C = Inter-level travel time spent in this place.
 D = Time resting spent in this place.
 E = Time spent auto-exploring this place.
 F = Levels seen in this place.
 G = Mean time per level.
                   A        B        C        D        E       F      G
               +--------+--------+--------+--------+--------+-----+--------+
         Total |   2914 |   2742 |    172 |    272 |   1864 |   4 |  728.5 |
       Dungeon |   2914 |   2742 |    172 |    272 |   1864 |   4 |  728.5 |
               +--------+--------+--------+--------+--------+-----+--------+

Top non-repeatable levels by time:
     D:2: 1070 daAuts
     D:1: 859 daAuts
     D:3: 585 daAuts
     D:4: 398 daAuts
